AoeStats
← MkoPoland88

Arena

505842249Analyzed
4v4 RM · 20d ago on Sep 11, 2026· 34m 21s· 8 players
Game mode
Random Map
Map size
Large (8 player)
Population
200
Speed
Normal
Resources
Standard
Victory
Conquest
Starting age
Dark Age
Ending age
Imperial Age
RankedLock teamsTeams togetherTeam positionsShared explorationLock speedFull tech treeHidden civsTurbo modeCheats
Victory
Defeat
🇹🇼 Persians · Taiwan
972
+11
🇨🇳 Bohemians · China
919
+13
🇺🇸 Ethiopians · United States
910
+13
🇨🇳 Franks · China
887
+14
🇵🇱 Poles · Poland
885
-40
🇸🇰 Dravidians · Slovakia
861
-13
🇸🇰 Romans · Slovakia
856
-13
🇵🇱 Teutons · Poland
799
-11
君士坦丁十一世
11:46 Feudal Age
13:21 Double-Bit Axe
16:02 Castle Age
18:07 Forging
18:04 Scale Barding Armor
23:11 Wheelbarrow
23:28 Bow Saw
24:22 Hand Cart
27:34 Gold Mining
28:59 Gold Shaft Mining
32:13 Imperial Age
31:36 Iron Casting
31:21 Chain Barding Armor
32:48 Husbandry
32:58 Chivalry
32:27 Cavalier
34:37 Blast Furnace
34:14 Plate Barding Armor
34:26 Conscription
Vinvinn
10:39 Feudal Age
10:10 Loom
11:40 Double-Bit Axe
12:04 Horse Collar
17:05 Fletching
19:38 Castle Age
17:53 Scale Barding Armor
18:33 Fletching
19:52 Gold Mining
20:36 Bodkin Arrow
20:53 Bow Saw
20:45 Heavy Plow
21:57 Padded Archer Armor
22:01 Town Watch
22:52 Wheelbarrow
21:46 Crossbowman
22:56 Padded Archer Armor
26:01 Scale Mail Armor
27:26 Hand Cart
28:42 Stone Mining
29:27 Gold Shaft Mining
30:34 Thumb Ring
31:34 Leather Archer Armor
31:30 Squires
32:17 Ballistics
32:56 Chain Mail Armor
88888
10:28 Feudal Age
13:36 Loom
14:21 Double-Bit Axe
15:02 Horse Collar
17:34 Castle Age
16:32 Wheelbarrow
18:44 Bow Saw
18:35 Heavy Plow
24:14 Gold Mining
24:15 Stone Mining
24:21 Stone Mining
25:40 Hand Cart
26:35 Gold Mining
27:22 Stone Shaft Mining
27:38 Forging
27:33 Scale Barding Armor
30:53 Imperial Age
29:52 Gold Shaft Mining
29:54 Iron Casting
29:39 Chain Barding Armor
30:21 Chain Barding Armor
29:52 Fletching
30:43 Town Watch
31:33 Conscription
32:15 Blast Furnace
31:20 Husbandry
31:31 Bloodlines
32:06 Crop Rotation
32:40 Two-Man Saw
32:53 Plate Barding Armor
32:42 Elite War Elephant
33:48 Murder Holes
34:13 Ballistics
34:54 Chemistry
Mika_168
10:59 Feudal Age
15:38 Castle Age
14:36 Double-Bit Axe
14:33 Horse Collar
17:03 Loom
24:16 Fervor
24:28 Sanctity
27:41 Wheelbarrow
28:07 Scale Mail Armor
31:04 Imperial Age
28:26 Pikeman
30:14 Chemistry
31:16 Chain Mail Armor
32:20 Conscription
32:08 Hussite Reforms
32:43 Block Printing
92marcinkol92
0:34 Loom
11:01 Feudal Age
13:58 Wheelbarrow
13:12 Double-Bit Axe
14:44 Horse Collar
15:59 Stone Mining
16:03 Gold Mining
21:54 Castle Age
21:10 Fletching
24:25 Stone Shaft Mining
25:36 Bodkin Arrow
27:30 Bow Saw
30:03 Guard Tower
31:42 Masonry
33:08 Forging
32:58 Scale Mail Armor
Emko
10:33 Feudal Age
11:08 Horse Collar
11:15 Double-Bit Axe
17:05 Castle Age
14:51 Loom
18:37 Thumb Ring
19:34 Fletching
19:45 Padded Archer Armor
24:24 Bodkin Arrow
25:38 Bow Saw
25:30 Heavy Plow
26:54 Gold Mining
26:55 Stone Mining
30:08 Husbandry
29:28 Light Cavalry
33:13 Ballistics
33:39 Wheelbarrow
33:20 Scale Barding Armor
33:31 Leather Archer Armor
33:26 Forging
MkoPoland88
1:58 Loom
15:37 Feudal Age
16:34 Double-Bit Axe
17:43 Horse Collar
19:08 Wheelbarrow
20:18 Man-at-Arms
21:18 Gold Mining
27:41 Castle Age
26:16 Bloodlines
29:02 Padded Archer Armor
29:24 Scale Mail Armor
28:53 Crossbowman
28:57 Light Cavalry
30:13 Bow Saw
31:49 Coinage
31:43 Heavy Plow
31:47 Husbandry
31:11 Elite Skirmisher
33:23 Hand Cart
33:46 Long Swordsman
TheWeirdStranger
1:52 Loom
11:53 Feudal Age
13:51 Man-at-Arms
17:19 Bloodlines
19:02 Scale Mail Armor
24:11 Castle Age
23:43 Double-Bit Axe
24:17 Padded Archer Armor
28:58 Horse Collar
30:50 Long Swordsman
31:31 Squires
31:38 Husbandry
30:59 Light Cavalry
33:53 Scale Barding Armor
34:00 Forging
Connection lost

Rejoining the realm…

Still unreachable

The connection could not be restored.

Session expired

The server has moved on; the page needs a fresh start.